AoeStats
← web

Arabia

505556807Analyzed
2v2 RM · 22d ago on Sep 10, 2026· 22m 11s· 4 players
Game mode
Random Map
Map size
Medium (4 player)
Population
200
Speed
Normal
Resources
Standard
Victory
Conquest
Starting age
Dark Age
Ending age
Imperial Age
RankedLock teamsTeams togetherTeam positionsShared explorationLock speedFull tech treeHidden civsTurbo modeCheats
Victory
Defeat
🇺🇸 Ethiopians · United States
1272
+13
🇲🇽 Spanish · Mexico
1239
+15
🇺🇸 Franks · United States
1278
-16
🇺🇸 Britons · United States
1153
-12
web
5:07 Loom
8:58 Feudal Age
9:31 Double-Bit Axe
20:34 Castle Age
19:43 Gold Mining
21:21 Husbandry
Wildcard
9:19 Feudal Age
10:14 Loom
10:37 Double-Bit Axe
11:24 Horse Collar
14:33 Fletching
15:10 Padded Archer Armor
21:52 Castle Age
Desert Haq
5:14 Loom
10:57 Feudal Age
11:36 Double-Bit Axe
11:34 Horse Collar
20:16 Padded Archer Armor
21:01 Fletching
The Architect
10:30 Feudal Age
12:43 Loom
15:22 Castle Age
14:50 Double-Bit Axe
16:12 Town Watch
22:15 Wheelbarrow
Connection lost

Rejoining the realm…

Still unreachable

The connection could not be restored.

Session expired

The server has moved on; the page needs a fresh start.